 Dungeon Crawl Stone Soup version 0.27-a0-1273-gec92ba881d (webtiles) character file.

Game seed: 4702977713536215553

498 funkygono the Stinger (level 7, 0/47 HPs)
             Began as a Formicid Venom Mage on June 12, 2021.
             Was a Follower of Vehumet.
             Slain by a gnoll sergeant
             ... wielding a +0 spear of flaming
              (4 damage)
             ... on level 5 of the Dungeon.
             The game lasted 00:10:31 (5822 turns).

funkygono the Stinger (Formicid Venom Mage)         Turns: 5822, Time: 00:10:31

Health: 0/47       AC:  4    Str: 19    XL:     7   Next: 39%
Magic:  1/13       EV: 12    Int: 16    God:    Vehumet [*.....]
Gold:   185        SH:  0    Dex: 11    Spells: 2/15 levels left

rFire    . . .     SeeInvis +   c - +0 flail (protect)
rCold    . . .     Faith    .   (no shield)
rNeg     . . .     Spirit   .   d - +2 robe {Will+}
rPois    .         Reflect  .   (helmet unavailable)
rElec    .         Harm     .   (no cloak)
rCorr    .         Rampage  .   (no gloves)
Will     +....                  (no boots)
Stlth    ++........             (no amulet)
HPRegen  0.15/turn              j - +6 ring of strength
MPRegen  0.13/turn              (no ring)

@: no status effects
A: permanent stasis, dig shafts and tunnels, antennae 3, four strong arms
a: Dig, Shaft Self, Renounce Religion


You were on level 5 of the Dungeon.
You worshipped Vehumet.
Vehumet was aware of your devotion.
You visited 2 branches of the dungeon, and saw 6 of its levels.

You collected 185 gold pieces.

Inventory:

Hand Weapons
 c - a +0 flail of protection (weapon)
Armour
 a - a +2 robe
 d - a +2 robe of willpower (worn)
 k - a +0 buckler
Jewellery
 i - an amulet of guardian spirit
 j - a +6 ring of strength (left hand)
Wands
 h - a wand of acid (8)
Potions
 b - 7 potions of curing
 f - a potion of lignification
 g - a potion of heal wounds {unknown}


   Skills:
 + Level 0.9 Fighting
 + Level 1.8 Maces & Flails
 + Level 2.0 Dodging
 - Level 2.4 Stealth
 * Level 4.6 Spellcasting
 + Level 2.5 Transmutations
 + Level 0.1 Fire Magic
 + Level 1.2 Air Magic
 * Level 7.0 Poison Magic


You had 2 spell levels left.
You knew the following spells:

 Your Spells              Type           Power      Damage    Failure   Level
a - Sting                 Tmut/Pois      76%        1d6       2%          1
b - Poisonous Vapours     Pois/Air       34%        N/A       4%          2
c - Mephitic Cloud        Conj/Pois/Air  12%        N/A       16%         3
d - Ignite Poison         Fire/Tmut/Pois 14%        N/A       13%         3
e - Olgreb's Toxic Radia  Pois           26%        N/A       9%          4

Your spell library contained the following spells:

 Spells                   Type           Power      Damage    Failure   Level
 Magic Dart               Conj           12%        1d3       16%         1


Dungeon Overview and Level Annotations

Branches:
Dungeon (5/15)             Temple (1/1) D:4

Altars:
Ashenzari
Cheibriados
Dithmenos
Elyvilon
Fedhas
Gozag
Hepliaklqana
Kikubaaqudgha
Makhleb
Nemelex Xobeh
Okawaru
Qazlal
Ru
Sif Muna
Uskayaw
Vehumet
Wu Jian
Xom
Yredelemnul
Zin
The Shining One


Innate Abilities, Weirdness & Mutations

You cannot be hasted, slowed, berserked, paralysed or teleported.
You can dig through walls and to a lower floor.
You have a pair of large antennae on your head. (SInv)
Your four strong arms can wield two-handed weapons with a shield.


Message History

Aiming: Sting (safe; 2% risk of failure)
Press: ? - help, Shift-Dir - straight line, f - gnoll sergeant
Aim: a gnoll sergeant, wielding a +0 spear of flaming and wearing a +2 scale mail of poison resistance (81% to hit)
The sting hits the gnoll sergeant but does no damage.
The gnoll sergeant is poisoned.
The gnoll sergeant closely misses you.
Casting: Sting (safe; 2% risk of failure)
Confirm with . or Enter, or press ? or * to list all spells.
Aiming: Sting (safe; 2% risk of failure)
Press: ? - help, Shift-Dir - straight line, f/p - gnoll sergeant
Aim: a gnoll sergeant, wielding a +0 spear of flaming and wearing a +2 scale mail of poison resistance (lightly wounded, poisoned, 81% to hit)
The sting hits the gnoll sergeant but does no damage.
The gnoll sergeant looks even sicker.
The gnoll sergeant is lightly wounded.
The gnoll sergeant barely misses you.
Casting: Sting (safe; 2% risk of failure)
Confirm with . or Enter, or press ? or * to list all spells.
You don't have enough magic to cast this spell.
Unknown command.
Unknown command.
Found a bubbling purple potion.
Casting: Sting (safe; 2% risk of failure)
Confirm with . or Enter, or press ? or * to list all spells.
Aiming: Sting (safe; 2% risk of failure)
Press: ? - help, Shift-Dir - straight line, f/p - gnoll sergeant
Aim: a gnoll sergeant, wielding a +0 spear of flaming and wearing a +2 scale mail of poison resistance (severely wounded, poisoned, 81% to hit)
The sting hits the gnoll sergeant but does no damage.
The gnoll sergeant looks even sicker.
The gnoll sergeant is severely wounded.
The gnoll sergeant hits you from afar with a +0 spear of flaming!
The gnoll sergeant burns you.
The gnoll sergeant hits you from afar with a +0 spear of flaming.
The gnoll sergeant burns you.
You see here a +0 robe.
The gnoll sergeant hits you from afar with a +0 spear of flaming.
The gnoll sergeant burns you.
* * * LOW HITPOINT WARNING * * *
The gnoll sergeant hits you from afar with a +0 spear of flaming!
* * * LOW HITPOINT WARNING * * *
The gnoll sergeant burns you.
You die...

#.........#.. #.##.##.##.#
#### #.......†>.#
.....#.##....##.#####.
.!...#.#..................
..........##..............
....#..g.<...........)..
.. #.#..#..#..#####...#
#.[.@......# )..#
###.##.##.## )..#
#.......# ###)..##
####.#### #....... #.#
#.##.##. ###.# #.# #
....#######.##.##.
##..............
##.....###.......


You could see a gnoll sergeant (very poisoned).

Vanquished Creatures
  A sky beast (D:4)
  An ogre (D:4)
  Jessica (D:2)
  3 iguanas
  10 gnolls
  3 adders
  An adder skeleton (D:4)
  A worm (D:3)
  A dart slug (D:5)
  5 orcs
  3 bats
  9 endoplasms
  A giant cockroach (D:2)
  8 goblins
  9 hobgoblins
  10 jackals
  12 kobolds
  A quokka (D:2)
  5 ball pythons
  A frilled lizard (D:3)
  3 rats
89 creatures vanquished.

Notes
Turn   | Place    | Note
-------+----------+-------------------------------------------
     0 | D:1      | funkygono the Formicid Venom Mage began the quest for the
                  | Orb.
     0 | D:1      | Reached XP level 1. HP: 13/13 MP: 3/3
   196 | D:1      | Reached XP level 2. HP: 14/19 MP: 0/5
   203 | D:1      | Learned a level 2 spell: Poisonous Vapours
  1263 | D:2      | Noticed Jessica
  1265 | D:2      | Killed Jessica
  1266 | D:2      | Reached skill level 5 in Poison Magic
  1266 | D:2      | Reached XP level 3. HP: 24/24 MP: 1/7
  1270 | D:2      | Learned a level 3 spell: Mephitic Cloud
  1416 | D:2      | Reached XP level 4. HP: 30/30 MP: 5/8
  1422 | D:2      | Learned a level 3 spell: Ignite Poison
  1752 | D:2      | Reached skill level 1 in Maces & Flails
  2393 | D:2      | Reached XP level 5. HP: 35/35 MP: 8/10
  3506 | D:4      | Noticed an ogre
  3923 | D:4      | Found a staircase to the Ecumenical Temple.
  3928 | Temple   | Entered the Ecumenical Temple
  4218 | Temple   | Became a worshipper of Vehumet
  4245 | D:4      | Noticed a sky beast
  4249 | D:4      | Killed a sky beast
  4250 | D:4      | Reached XP level 6. HP: 42/42 MP: 5/12
  4255 | D:4      | Learned a level 4 spell: Olgreb's Toxic Radiance
  4363 | D:4      | Killed an ogre
  4364 | D:4      | Reached skill level 6 in Poison Magic
  4495 | D:4      | Reached XP level 7. HP: 47/47 MP: 9/13
  4899 | D:4      | Reached skill level 1 in Air Magic
  5335 | D:5      | Entered Level 5 of the Dungeon
  5374 | D:5      | Reached * piety under Vehumet
  5374 | D:5      | Offered knowledge of Magic Dart by Vehumet.
  5390 | D:5      | HP: 2/47 [gnoll sergeant/+0 spear of flaming (4)]
  5794 | D:5      | Reached skill level 7 in Poison Magic
  5822 | D:5      | Slain by a gnoll sergeant

Illustrated notes

Levels and vault maps discovered:
D:1:      mrwooster_arrival_statue, layout_basic, nrook_loot_triangle,
          st_stairs_3
D:2:      layout_loops_ring, uniq_jessica
D:3:      layout_basic, chequers_mini_garden
D:4:      layout_cave_pools, temple_doors_e, minmay_misc_feat_enclosed,
          corexii_corridor_pit
D:5:      layout_loops_cross, moated_statue, nicolae_underground_beach
Temple:   roderic_octagonal_lattice_temple

Skill      XL: |  1  2  3  4  5  6  7 |
---------------+----------------------+-----
Spellcasting   | 3 4 |  4.6
Poison Magic   | 5 6 7 |  7.0
Maces & Flails | 1 |  1.8
Dodging        | 2 |  2.0
Transmutations | 2 |  2.5
Air Magic      | 1 |  1.2
Fighting       | |  0.9
Stealth        | |  2.4
Fire Magic     | |  0.1

Action                   |  1- 3 |  4- 6 |  7- 9 || total
-------------------------+-------+-------+-------++-------
Melee: Unarmed           |     2 |       |       ||     2
       Flail             |    11 |    51 |    16 ||    78
 Cast: Sting             |    22 |    50 |    24 ||    96
       Poisonous Vapours |     4 |    17 |     8 ||    29
       Ignite Poison     |       |     3 |     4 ||     7
       Mephitic Cloud    |       |     1 |     1 ||     2
       Olgreb's Toxic Ra |       |       |     6 ||     6
  Use: Scroll            |     1 |     5 |     4 ||    10
 Stab: Sleeping          |     1 |       |       ||     1
Armor: Robe              |     1 |    19 |    12 ||    32
Dodge: Dodged            |    10 |    31 |    20 ||    61

Table legend: (Time is in decaauts)
 A = Elapsed time spent in this place.
 B = Non-inter-level travel time spent in this place.
 C = Inter-level travel time spent in this place.
 D = Time resting spent in this place.
 E = Time spent auto-exploring this place.
 F = Levels seen in this place.
 G = Mean time per level.
                   A        B        C        D        E       F      G
               +--------+--------+--------+--------+--------+-----+--------+
         Total |   5851 |   5726 |    125 |    508 |   4446 |   6 |  975.2 |
       Dungeon |   5542 |   5437 |    105 |    508 |   4168 |   5 | 1108.4 |
        Temple |    309 |    290 |     19 |      0 |    278 |   1 |  309.0 |
               +--------+--------+--------+--------+--------+-----+--------+

Top non-repeatable levels by time:
     D:4: 1530 daAuts
     D:2: 1348 daAuts
     D:3: 1317 daAuts
     D:1: 1238 daAuts
  Temple: 309 daAuts
     D:5: 106 daAuts
